 Dungeon Crawl Stone Soup version 0.32-a0-893-gf85d74f360 (webtiles) character file.

Game seed: 5239514599367627490

1019 Autsider the Arsonist (level 8, -1/66 HPs)
             Began as a Mountain Dwarf Fire Elementalist on Apr 3, 2024.
             Killed themself with a badly aimed concussive blast (6 damage)
             ... on level 6 of the Dungeon.
             The game lasted 00:19:36 (7302 turns).

Autsider the Arsonist (MDFE)                        Turns: 7302, Time: 00:19:36

Health: -1/66      AC:  0    Str: 11    XL:     8   Next: 2%
Magic:  1/13       EV: 10    Int: 18    God:
Gold:   279        SH:  0    Dex: 10    Spells: 6/14 levels left

rFire   + . .        i - +1 trident (flame)
rCold   x . .        (no shield)
rNeg    . . .        a - +0 robe
rPois   .            t - +0 hat
rElec   .            l - +0 cloak
rCorr   .            j - +0 pair of gloves
SInv    .            (no boots)
Will    .....        (no amulet)
Stlth   ++           m - ring of fire
HPRegen 0.31/turn    (no ring)
MPRegen 0.13/turn

%: no passive effects
@: corroded
A: runic magic, artefact enchanting
a: no special abilities


You were on level 6 of the Dungeon.
You visited 2 branches of the dungeon, and saw 7 of its levels.
You also visited: Sewer.

You collected 339 gold pieces.
You spent 60 gold pieces at shops.

Inventory:

Hand Weapons
 i - a +1 trident of flaming (weapon)
Armour
 a - a +0 robe (worn)
 b - a +0 scale mail of willpower
 j - a +0 pair of gloves (worn)
 l - a +0 cloak (worn)
 n - a +0 kite shield
 t - a +0 hat (worn)
Jewellery
 c - a ring of resist corrosion
 k - a ring of willpower
 m - a ring of fire (left hand)
 o - a +6 ring of strength
 x - an amulet of reflection
Scrolls
 f - a scroll of blinking
 g - a scroll of enchant weapon {unknown}
 q - a scroll of teleportation {@r2}
 r - a scroll of revelation
 u - a scroll of immolation {unknown}
 v - a scroll of identify {@r1}
Potions
 d - a potion of might
 e - 3 potions of curing {@q1}
 h - 2 potions of attraction {unknown}
 p - a potion of brilliance {unknown}
 s - 2 potions of mutation {unknown}
 w - a potion of berserk rage {unknown}
 z - a potion of ambrosia {unknown}


   Skills:
 + Level 4.2 Fighting
 - Level 1.3 Dodging
 - Level 1.4 Stealth
 + Level 3.8 Spellcasting
 - Level 0.8 Conjurations
 + Level 3.0 Translocations
 * Level 8.0 Fire Magic


You had 6 spell levels left.
You knew the following spells:

 Your Spells              Type           Power      Damage    Failure   Level
a - Scorch                Fire           96%        2d9       1%          2
b - Foxfire               Conj/Fire      100%       2x1d9     2%          1
c - Volatile Blastmotes   Fire/Tloc      70%        2d15      4%          3
z - Blink                 Tloc           28%        N/A       6%          2

Your spell library contained the following spells:

 Spells                   Type           Power      Damage    Failure   Level
 Lesser Beckoning         Tloc           28%        N/A       6%          2
 Inner Flame              Hex/Fire       26%        N/A       9%          3
 Momentum Strike          Conj/Tloc      20%        3d8       10%         2
 Call Imp                 Summ           6%         N/A       22%         2
 Sublimation of Blood     Necr           3%         N/A       22%         2
 Flame Wave               Conj/Fire      29%        2d9       24%         4
 Iskenderun's Mystic Bla Conj/Tloc 10%            2d4        (+2d2     54%         4
 Fulminant Prism          Conj/Alch      2%         3d5       77%         4
 Summon Hydra             Summ           1%         N/A       100%        7


Dungeon Overview and Level Annotations

Branches:
Dungeon (6/15)             Temple (1/1) D:4           Sewer (visited)

Altars:
Cheibriados
Dithmenos
Elyvilon
Fedhas
Hepliaklqana
Kikubaaqudgha
Makhleb
Nemelex Xobeh
Ru
Sif Muna
Trog
Uskayaw
Wu Jian
Xom
Yredelemnul

Shops:
D:4 *   D:5 !   D:6 *

Annotations:
D:5 exclusion: 3 downstairs
D:6 Grinder, Menkaure


Innate Abilities, Weirdness & Mutations

Your spellcasting is much less encumbered by armour.
You can use scrolls of enchantment on lesser artefacts.


Message History

Casting: Scorch (safe; 1% risk of failure)
Confirm with . or Enter, or press ? or * to list all spells.
You feel a surge of power!
Flames lash the kobold.
You kill the kobold!
You feel sick.
You feel sick.
A jelly comes into view.
You feel sick.
You feel sick.
The jelly quivers.
You feel sick.
You feel sick.
You feel sick.
You are no longer poisoned.
There is a stone staircase leading up here.
The jelly attacks as it pursues you! The jelly barely misses you.
The jelly attacks as it pursues you! The jelly hits you.
* * * LOW HITPOINT WARNING * * *
You are splashed with acid!
* * * LOW HITPOINT WARNING * * *
The jelly attacks as it pursues you! The jelly hits you.
* * * LOW HITPOINT WARNING * * *
You are splashed with acid!
* * * LOW HITPOINT WARNING * * *
Things that are here:
a +0 whip; a kobold corpse
Casting: Scorch (safe; 1% risk of failure)
Confirm with . or Enter, or press ? or * to list all spells.
You feel a surge of power!
A cloud of volatile blastmotes flares up around you!
Run!
The jelly closely misses you. The jelly attacks as it pursues you!
The jelly hits you.
* * * LOW HITPOINT WARNING * * *
The acid corrodes you!
You are splashed with acid!
* * * LOW HITPOINT WARNING * * *
The cloud of blastmotes explodes!
The concussive blast engulfs the jelly!!
You kill the jelly!
The concussive blast engulfs you. You resist.
You die...

#.... ###......# #.....##
#
#....###.....#...###...##
# #.......##..##...##..##
#. #....#...##..#
##......# #. ...
##<.##..# #..###..##.. .
#..##..# ##..# #..... ..
#..##..# #..## #....
....##..##..###.## #...
#......#@..#..# .##
###.#..#).....# #
###.#.)....##
##.)#.##......
#......####.# #.......#
....####..# ...# #.# ##.#
## ###


There were no monsters in sight!

Vanquished Creatures
  An orc warrior (D:6)
  A phantom (D:5)
  A kobold brigand (D:6)
  2 bullfrogs (Sewer)
  A scorpion (D:3)
  A bombardier beetle (D:6)
  3 jellies
  2 orc priests (D:6)
  3 hounds
  A sleepcap (D:5)
  An orc wizard (D:6)
  5 gnolls
  9 adders
  A river rat (D:4)
  2 shadow imps
  8 dart slugs
  17 orcs
  4 bats (D:2)
  5 endoplasms
  10 giant cockroaches
  4 goblins
  5 hobgoblins
  8 jackals
  9 kobolds
  3 quokkas
  10 ball pythons
  12 frilled lizards
  11 rats
140 creatures vanquished.

Vanquished Creatures (others)
  63 foxfires
63 creatures vanquished.

Grand Total: 203 creatures vanquished

Notes
Turn   | Place    | Note
-------+----------+-------------------------------------------
     0 | D:1      | Autsider the Mountain Dwarf Fire Elementalist began the
                  | quest for the Orb.
     0 | D:1      | Reached XP level 1. HP: 14/14 MP: 3/3
   319 | D:1      | Reached skill level 1 in Fighting
   319 | D:1      | Reached skill level 4 in Fire Magic
   319 | D:1      | Reached XP level 2. HP: 11/23 MP: 0/5
   513 | D:1      | Learned a level 2 spell: Scorch
   516 | D:1      | Learned a level 2 spell: Blink
  1177 | D:2      | Reached XP level 3. HP: 28/28 MP: 2/6
  1282 | D:2      | Found a hide-covered altar of Uskayaw.
  1318 | D:2      | Found a faded altar of an unknown god.
  1887 | D:2      | Reached XP level 4. HP: 18/36 MP: 0/7
  2572 | D:3      | Reached skill level 5 in Fire Magic
  2711 | D:3      | Reached skill level 1 in Translocations
  3339 | D:4      | Found a staircase to the Ecumenical Temple.
  3373 | D:4      | Noticed a scorpion
  3397 | D:3      | Killed a scorpion
  3398 | D:3      | Reached XP level 5. HP: 15/42 MP: 5/8
  3459 | D:4      | Found a glowing drain.
  3639 | Sewer    | Entered a sewer
  3649 | Sewer    | Learned a level 3 spell: Volatile Blastmotes
  4322 | Sewer    | Reached skill level 6 in Fire Magic
  4322 | Sewer    | Reached XP level 6. HP: 19/50 MP: 4/10
  4520 | Temple   | Entered the Ecumenical Temple
  4537 | D:4      | Found Zoetsac's Elemental Accessories.
  5336 | D:5      | Entered Level 5 of the Dungeon
  5336 | D:5      | Found Kurchop's Distillery.
  5349 | D:5      | Bought a potion of heal wounds for 60 gold pieces
  5593 | D:5      | Reached XP level 7. HP: 57/57 MP: 11/11
  5635 | D:5      | Found an ancient bone altar of Kikubaaqudgha.
  5847 | D:5      | Reached skill level 7 in Fire Magic
  6344 | D:6      | Noticed Grinder
  6705 | D:6      | Noticed a two-headed ogre
  6933 | D:6      | Noticed Menkaure
  7086 | D:6      | Found Gych's Mail-Order Catalogue.
  7280 | D:6      | Reached skill level 8 in Fire Magic
  7280 | D:6      | Reached XP level 8. HP: 37/66 MP: 3/13
  7302 | D:6      | Killed themself with a badly aimed concussive blast

Illustrated notes

Levels and vault maps discovered:
D:1:      dpeg_arrival_tiny_d, layout_basic, st_stairs_4
D:2:      layout_basic, basic_altar, dreamdust_ecumenical_altar_grove,
          serial_bayou_pond_c
D:3:      layout_loops_ring, grunt_decor_mini_mirrors,
          kennysheep_generic_room_15
D:4:      layout_basic, minmay_temple_entry_sparse_star, portal_sewer_entry_c,
          nicolae_elemental_shop, minmay_misc_feat_cross,
          chequers_decorated_corner
D:5:      layout_loops_ring, mainiacjoe_overflow_alcove_4, serial_shops,
          nicolae_shop_advertising_works [nicolae_subvault_shop_adworks]
D:6:      layout_layer_cave, nicolae_qazlal_general_emergency,
          monkooky_shop_mail_order, uniq_menkaure, uniq_grinder
Temple:   nicolae_temple_superstar

Skill      XL: |  1  2  3  4  5  6  7 |
---------------+----------------------+-----
Fighting       | 1 2 3 4 |  4.2
Spellcasting   | 2 3 |  3.8
Fire Magic     | 4 5 6 8 |  8.0
Translocations | 1 2 3 |  3.0
Dodging        | |  1.3
Stealth        | |  1.4
Conjurations   | |  0.8

Action                     |  1- 3 |  4- 6 |  7- 9 || total
---------------------------+-------+-------+-------++-------
  Melee: Trident           |    14 |    53 |    12 ||    79
         Club              |     3 |       |       ||     3
   Cast: Foxfire           |    25 |     9 |     1 ||    35
         Scorch            |    20 |    57 |    32 ||   109
         Volatile Blastmot |       |    12 |    10 ||    22
         Blink             |       |       |     1 ||     1
    Use: Scroll            |       |     8 |       ||     8
         Potion            |       |     2 |     1 ||     3
   Stab: Sleeping          |     1 |     1 |       ||     2
         Distracted        |       |     1 |       ||     1
 Armour: Robe              |    26 |   104 |    39 ||   169
  Dodge: Dodged            |    14 |    65 |    18 ||    97

Table legend: (Time is in decaauts)
 A = Elapsed time spent in this place.
 B = Non-inter-level travel time spent in this place.
 C = Inter-level travel time spent in this place.
 D = Time resting spent in this place.
 E = Time spent auto-exploring this place.
 F = Levels seen in this place.
 G = Mean time per level.
                   A        B        C        D        E       F      G
               +--------+--------+--------+--------+--------+-----+--------+
         Total |   7386 |   7018 |    368 |   1072 |   4569 |   8 |  923.2 |
       Dungeon |   6470 |   6103 |    367 |    695 |   4417 |   6 | 1078.3 |
        Temple |      1 |      0 |      1 |      0 |      0 |   1 |    1.0 |
         Sewer |    914 |    914 |      0 |    377 |    152 |   1 |  914.0 |
               +--------+--------+--------+--------+--------+-----+--------+

Top non-repeatable levels by time:
     D:5: 1340 daAuts
     D:2: 1249 daAuts
     D:1: 1102 daAuts
     D:4: 1095 daAuts
     D:3: 1051 daAuts
   Sewer: 914 daAuts
     D:6: 630 daAuts
  Temple: 1 daAuts
